 Dungeon Crawl Stone Soup version 0.21.1-1-g345015f (webtiles) character file.

3340 zishaf the Fighter (level 10, -4/85 HPs)
             Began as a Barachi Fighter on May 12, 2018.
             Was an Initiate of Gozag.
             Slain by an eight-headed hydra (7 damage)
             ... on level 7 of the Dungeon.
             The game lasted 00:24:49 (6697 turns).

zishaf the Fighter (Barachi Fighter)                Turns: 6697, Time: 00:24:50

Health: -4/85      AC: 12    Str: 27    XL:     10   Next: 2%
Magic:  11/11      EV:  7    Int:  9    God:    Gozag
Gold:   544        SH: 10    Dex: 12    Spells: 9/9 levels left

rFire    . . .     SeeInvis .   a - +0 long sword
rCold    . . .     Gourm    .   c - +0 shield
rNeg     . . .     Faith    .   O - +0 plate armour
rPois    .         Spirit   .   e - +0 helmet
rElec    .         Reflect  .   (no cloak)
rCorr    .         Harm     .   g - +0 pair of gloves
MR       .....                  F - +0 pair of boots
Stlth    ..........             t - amulet of regeneration
HPRegen  0.64/turn              p - +2 ring of strength
MPRegen  0.12/turn              I - -6 ring of protection (curse)

@: mighty, can't hop, slow
A: +LOS, swims, slowness 1, strong legs 1
a: Hop, Potion Petition, Call Merchant, Bribe Branch, Renounce Religion


You were on level 7 of the Dungeon.
You worshipped Gozag.
Gozag was pleased with you.
You were not hungry.

You visited 2 branches of the dungeon, and saw 10 of its levels.

You collected 645 gold pieces.
You paid 101 gold pieces to Gozag.

Inventory:

Hand Weapons
 a - a +0 long sword (weapon)
Armour
 c - a +0 shield (worn)
 e - a +0 helmet (worn)
 g - a +0 pair of gloves (worn)
 F - a +0 pair of boots (worn)
 O - a +0 plate armour (worn)
Jewellery
 p - a +2 ring of strength (left hand)
 r - an uncursed ring of protection from magic
 t - an amulet of regeneration (around neck)
 u - a +2 ring of evasion
 v - an uncursed ring of see invisible
 w - an uncursed ring of stealth
 D - a +5 ring of protection
 I - a cursed -6 ring of protection (right hand)
Wands
 s - a wand of polymorph (11)
 x - a wand of random effects (27)
 z - a wand of iceblast (11)
 B - a wand of enslavement (16)
Scrolls
 j - 2 scrolls of teleportation {unknown}
 k - a scroll of blinking {unknown}
 y - a scroll of enchant weapon {unknown}
 H - 2 scrolls of amnesia {unknown}
 J - a scroll of magic mapping {unknown}
 K - a scroll of enchant armour {unknown}
 M - a scroll of fear {unknown}
Potions
 b - 2 potions of brilliance {unknown}
 d - 2 potions of might
 h - 6 potions of curing {unknown}
 i - 2 potions of ambrosia
 l - a potion of haste
 n - a potion of invisibility {unknown}
 o - a potion of lignification
 q - a potion of mutation {unknown}
 A - a potion of flight
 C - a potion of cancellation
 E - 2 potions of degeneration {unknown}
 G - 2 potions of berserk rage {unknown}
 L - a potion of magic {unknown}
 N - a potion of experience {unknown}
Books
 m - a book of Clouds

   Spells                             Type                      Level
   a - Poisonous Vapours              Poison/Air                   2
   b - Mephitic Cloud                 Conjuration/Poison/Air       3
   c - Conjure Flame                  Conjuration/Fire             3
   d - Freezing Cloud                 Conjuration/Ice/Air          6
   e - Ring of Flames                 Charms/Fire                  7
Comestibles
 f - 13 rations


   Skills:
 - Level 10.0 Fighting
 * Level 8.8 Long Blades
 - Level 10.0 Armour
 - Level 4.2 Dodging
 - Level 3.2 Shields
 + Level 1.9 Evocations


You had 9 spell levels left.
You didn't know any spells.

Dungeon Overview and Level Annotations

Branches:
Dungeon (9/15)             Temple (1/1) D:7            Lair (0/6) D:9
    Orc: D:9-12

Altars:
Ashenzari
Cheibriados
Gozag
Kikubaaqudgha
Nemelex Xobeh
Okawaru
Qazlal
Ru
Sif Muna
Yredelemnul
Zin
The Shining One

Shops:
D:5 (*(   D:7 [


Innate Abilities, Weirdness & Mutations

Shadows flee at your approach. (+LOS)
You can swim through water.
You cover ground slowly.
You can hop short distances.


Message History

You slash the death yak!
The death yak is heavily wounded.
The death yak gores you!!
* * * LOW HITPOINT WARNING * * *
Hop to where?
Press: ? - help, Dir - move target cursor Boing!
There is an escape hatch in the ceiling here.
A mysterious force pulls you upwards. The hatch slams shut behind you.
The eight-headed hydra roars!
The eight-headed hydra completely misses you.
You riposte.
You hit the eight-headed hydra.
The eight-headed hydra is lightly wounded.
The eight-headed hydra bites you!
* * * LOW HITPOINT WARNING * * *
The eight-headed hydra barely misses you.
The eight-headed hydra bites you but does no damage.
The eight-headed hydra bites you!
You die...
Your body crumbles into a pile of gold.

#########.#.#.####).......#
.............(.........>..#######
............#.####......(.......#
............#.####........#####.#
............#......######## #.#
............##.......###### #.#
............##.###........# #)#
............##.#<#........# #..
............##.#@#........# ###
...............#.D........#
.............######.......#
..........................#
.............######.......#
............###############
..............<....#
.............(.....#
...................#


You could see an eight-headed hydra.

Vanquished Creatures
  Pikel (D:6)
  Joseph (D:7)
  Grinder (D:3)
  A hornet (D:8)
  A slave (D:6)
  3 sky beasts (D:6)
  An orc warrior (D:8)
  A phantom (D:8)
  An ogre (D:5)
  2 big kobolds
  5 bullfrogs
  3 scorpions
  A howler monkey (D:7)
  4 crimson imps
  A centaur zombie (D:6)
  2 hounds
  An orc wizard (D:8)
  A quasit (D:8)
  A centaur skeleton (D:5)
  An orc priest (D:3)
  An iguana (D:8)
  A jelly (D:5)
  A bullfrog skeleton (D:7)
  Jessica (D:4)
  Natasha (thrice) (D:4)
  Terence (D:3)
  5 worker ants
  3 hound skeletons
  2 worker ant zombies
  Robin (D:4)
  10 adders
  2 shadow imps
  An ooze (D:2)
  3 adder skeletons
  2 adder zombies
  2 worms
  A dart slug (D:2)
  4 leopard geckos
  22 orcs
  5 bats
  4 giant cockroaches
  10 goblins
  8 hobgoblins
  13 jackals
  14 kobolds
  4 quokkas
  12 frilled lizards
  2 leopard gecko zombies
  A quokka zombie (D:8)
  4 rats
176 creatures vanquished.

Vanquished Creatures (others)
  A bullfrog (D:6)
  A bullfrog skeleton (D:6)
  A hound (D:6)
  An orc (D:3)
  A quokka (D:6)
5 creatures vanquished.

Grand Total: 181 creatures vanquished

Notes
Turn   | Place    | Note
-------+----------+-------------------------------------------
     0 | D:1      | zishaf the Barachi Fighter began the quest for the Orb.
     0 | D:1      | Reached XP level 1. HP: 18/18 MP: 1/1
   112 | D:1      | Reached XP level 2. HP: 17/24 MP: 2/2
   674 | D:2      | Reached XP level 3. HP: 28/29 MP: 3/3
   720 | D:2      | Found a sparkling altar of Nemelex Xobeh.
  1427 | D:3      | Found a shattered altar of Ashenzari.
  1588 | D:3      | Reached skill level 5 in Long Blades
  1604 | D:3      | Reached XP level 4. HP: 36/36 MP: 4/4
  1645 | D:3      | Found a glowing golden altar of the Shining One.
  1673 | D:3      | Noticed Grinder
  1698 | D:3      | Killed Grinder
  1698 | D:3      | Reached XP level 5. HP: 30/41 MP: 5/5
  1698 | D:3      | Reached XP level 6. HP: 34/47 MP: 6/6
  2055 | D:3      | Noticed Terence
  2072 | D:3      | Killed Terence
  2464 | D:4      | Noticed Natasha
  2475 | D:4      | Killed Natasha
  2696 | D:4      | Noticed Natasha
  2719 | D:4      | Killed Natasha
  2719 | D:4      | Reached skill level 1 in Dodging
  2719 | D:4      | Reached XP level 7. HP: 9/54 MP: 7/7
  2798 | D:4      | Noticed Jessica
  2864 | D:4      | Noticed Robin
  2879 | D:4      | Killed Robin
  3074 | D:4      | Noticed Natasha
  3088 | D:4      | Killed Natasha
  3230 | D:4      | Found a deep blue altar of Sif Muna.
  3236 | D:4      | Killed Jessica
  3293 | D:5      | Entered Level 5 of the Dungeon
  3293 | D:5      | Found Turiely's Weapon Boutique.
  3473 | D:5      | Found Poheb's General Store.
  3525 | D:5      | Reached skill level 5 in Fighting
  3601 | D:5      | Reached skill level 5 in Armour
  3732 | D:5      | Found Loescheho's Antique Weapon Boutique.
  4301 | D:6      | Reached XP level 8. HP: 58/64 MP: 8/8
  4517 | D:6      | Noticed Pikel
  4555 | D:6      | Killed Pikel
  4611 | D:6      | Reached XP level 9. HP: 72/74 MP: 9/9
  4947 | D:7      | Found a staircase to the Ecumenical Temple.
  4967 | Temple   | Entered the Ecumenical Temple
  4975 | Temple   | Became a worshipper of Gozag Ym Sagoz the Greedy
  5017 | D:7      | Found Jaotuell's Armour Shop.
  5040 | D:7      | Noticed Joseph
  5092 | D:7      | HP: 3/75 [Joseph/uncursed quarterstaff (8)]
  5103 | D:7      | Killed Joseph
  5545 | D:7      | Found a sacrificial altar of Ru.
  5668 | D:8      | Noticed a hornet
  5673 | D:8      | Paralysed by a hornet for 1 turns
  5684 | D:8      | Paralysed by a hornet for 3 turns
  5692 | D:8      | Killed a hornet
  5953 | D:8      | Reached skill level 10 in Fighting
  5963 | D:8      | Reached skill level 10 in Armour
  6010 | D:8      | Found a stormy altar of Qazlal.
  6182 | D:8      | Reached skill level 1 in Evocations
  6197 | D:8      | Noticed an eight-headed hydra
  6363 | D:8      | Reached XP level 10. HP: 52/85 MP: 11/11
  6658 | D:9      | Noticed a death yak
  6659 | D:9      | Found a staircase to the Lair.
  6660 | D:9      | Noticed a death yak
  6689 | D:8      | HP: 4/85 [death yak (20)]
  6697 | D:7      | HP: 3/85 [eight-headed hydra (8)]
  6697 | D:7      | Slain by an eight-headed hydra

Skill      XL: |  1  2  3  4  5  6  7  8  9 |
---------------+----------------------------+-----
Long Blades    | 3 4 5 7 8 |  8.8
Fighting       | 4 5 7 10 | 10.0
Armour         | 4 5 7 10 | 10.0
Dodging        | 1 2 4 |  4.2
Evocations     | 1 |  1.9
Shields        | |  3.2

Action                   |  1- 3 |  4- 6 |  7- 9 | 10-12 || total
-------------------------+-------+-------+-------+-------++-------
Melee: Long sword        |   123 |   180 |   579 |    28 ||   910
 Abil: Hop               |       |       |     4 |     1 ||     5
  Use: Scroll            |       |       |     6 |       ||     6
       Potion            |       |       |     3 |     1 ||     4
 Stab: Distracted        |       |       |     2 |       ||     2
  Eat: Chunk             |     3 |     4 |    10 |       ||    17
       Ration            |       |       |     1 |     1 ||     2
Armor: Scale mail        |    77 |    86 |   269 |       ||   432
       Plate armour      |       |       |       |    12 ||    12
Dodge: Dodged            |    45 |    36 |   205 |    10 ||   296
Block: Shield            |    65 |    84 |   304 |    10 ||   463
       Rpst.: Long sword |    16 |    12 |    56 |     4 ||    88
